 Dungeon Crawl Stone Soup version 0.32-a0-711-g016ad743e0 (webtiles) character file.

Game seed: 3031744457417764578

3730 yoga4dogs the Grappler (level 9, -1/85 HPs)
             Began as a Troll Berserker on Mar 15, 2024.
             Was a High Priest of Trog.
             Slain by a kobold brigand
             ... wielding a +0 dagger
              (2 damage)
             ... on level 7 of the Dungeon.
             The game lasted 00:38:18 (6626 turns).

yoga4dogs the Grappler (Troll Berserker)            Turns: 6626, Time: 00:38:21

Health: -1/85      AC:  8    Str: 31    XL:     9   Next: 92%
Magic:  8/8        EV: 15    Int:  3    God:    Trog [*****.]
Gold:   508        SH:  0    Dex:  9    Spells: 8/8 levels left

rFire   + .          .
                       - Unarmed
rCold   + . .        (no shield)
rNeg    . . .        a - +2 animal skin
rPois   .            (helmet restricted)
rElec   .            r - +1 cloak of Anarchy {*Corrode rF+ rC+ Slay+2}
rCorr   .            (gloves unavailable)
SInv    .            (boots unavailable)
Will    .....        c - amulet of regeneration
Stlth   ++           i - +5 ring of evasion
HPRegen 1.94/turn    (no ring)
MPRegen 0.11/turn

%: corrode self (3%)
@: lethally poisoned (-1 -> -4), about to teleport
A: large, unfitting armour, claws 3, regeneration 1, shaggy fur 1, tough skin 1
a: Renounce Religion, Berserk, Trog's Hand, Brothers in Arms


You were on level 7 of the Dungeon.
You worshipped Trog.
Trog was extremely pleased with you.
You visited 1 branch of the dungeon, and saw 8 of its levels.
You also visited: Sewer.

You collected 508 gold pieces.

Inventory:

Hand Weapons
 e - a +0 giant spiked club
 f - a +0 dagger of protection
 w - a +3 flail of draining
 F - a +1 flail of protection
 G - a +2 vampiric spear
 H - a +1 whip of venom
Missiles
 b - 58 stones (quivered)
 g - 4 javelins
 v - 13 poisoned darts
 C - 3 curare-tipped darts
 I - a throwing net
Armour
 a - a +2 animal skin (worn)
 p - a +0 robe
 r - the +1 cloak of Anarchy (worn) {*Corrode rF+ rC+ Slay+2}
   (You found it on level 3 of the Dungeon)

   Slay+2:    It affects your accuracy & damage with ranged weapons and melee
   (+2).
   rF+:       It protects you from fire.
   rC+:       It protects you from cold.
   *Corrode:  It may corrode you when you take damage.
 u - an orb of guile
 y - the +1 Delatra's gloves {ID++}
   (You found it on level 4 of the Dungeon)

   ID++:      It heals its wearer when they drink unknown potions, and restores
   their MP when they read unknown scrolls.
Jewellery
 c - an amulet of regeneration (around neck)
 h - a ring of wizardry
 i - a +5 ring of evasion (left claw)
 n - a ring of resist corrosion
Wands
 D - a wand of paralysis (13)
 J - a wand of flame (17)
Scrolls
 d - 4 scrolls of identify {unknown}
 k - 2 scrolls of enchant armour
 l - a scroll of revelation {unknown}
 m - 3 scrolls of immolation {unknown}
 q - 7 scrolls of teleportation
 t - a scroll of torment {unknown}
 z - 2 scrolls of brand weapon {unknown}
 A - a scroll of amnesia {unknown}
 B - a scroll of fog {unknown}
 E - 2 scrolls of fear {unknown}
 K - a scroll of noise {unknown}
Potions
 j - a potion of brilliance {unknown}
 o - 2 potions of heal wounds {unknown}
 s - 5 potions of curing {unknown}
 x - a potion of lignification {unknown}
 L - a potion of enlightenment {unknown}


   Skills:
 + Level 4.4 Fighting
 + Level 2.2 Maces & Flails
 + Level 1.4 Throwing
 + Level 5.8 Dodging
 + Level 1.7 Stealth
 + Level 11.4 Unarmed Combat


You had 8 spell levels left.
You didn't know any spells.
Your spell library contained the following spells:

 Spells                   Type           Power      Damage    Failure   Level
 Volatile Blastmotes      Fire/Tloc      0%         2d10      88%         3
 Fulminant Prism          Conj/Alch      0%         3d5       99%         4
 Iskenderun's Mystic Bla  Conj/Tloc      0%         2d3       99%         4


Dungeon Overview and Level Annotations

Branches:
Dungeon (8/15)             Temple (0/1) D:5           Sewer (visited)
   Lair: D:8-11

Altars:
Qazlal
Sif Muna
Trog
Uskayaw
The Shining One

Shops:
D:8 =


Innate Abilities, Weirdness & Mutations

You are too large for most types of armour.
You have claws for hands.
Your natural rate of healing is unusually fast.
You are covered in fur. (AC +1)
You have tough skin. (AC +1)


Message History

The killer bee stings you but does no damage.
You climb upwards.
You feel very sick.
There is a stone staircase leading down here.
You feel very sick. The killer bee misses you.
The killer bee barely misses you. The kobold misses you.
The kobold brigand closely misses you. The killer bee stings you. x2
* * * LOW HITPOINT WARNING * * *
You are more poisoned.
The killer bee poisons you!
As you read the scroll of teleportation, it crumbles to dust.
You feel strangely unstable.
You feel very sick. The killer bee stings you.
* * * LOW HITPOINT WARNING * * *
The killer bee stings you.
* * * LOW HITPOINT WARNING * * *
The kobold hits you but does no damage. The kobold brigand closely misses you.
The killer bee closely misses you. The killer bee stings you.
* * * LOW HITPOINT WARNING * * *
You are lethally poisoned!
The killer bee poisons you!
* * * LOW HITPOINT WARNING * * *
You feel very sick.
The killer bee attacks as it pursues you!
The killer bee stings you but does no damage.
The killer bee completely misses you.
The kobold brigand hits you but does no damage.
The killer bee misses you. The killer bee barely misses you.
You are too injured to fight recklessly!
You are too injured to fight recklessly!
* * * LOW HITPOINT WARNING * * *
You feel very sick.
The killer bee attacks as it pursues you!
The killer bee stings you but does no damage.
The killer bee closely misses you. The killer bee stings you.
* * * LOW HITPOINT WARNING * * *
The kobold brigand hits you with a +0 dagger.
You die...

######### ..#.....## ######
.........############ #....#
.................y..# #....#
.....<..........@yK>######....#
.)..)............K..##........#
....................##........#
...............[....##........#
..........#####)#####.....#####
...........###..##........#
).#.....##...#..#..##...#########
###..#######.....................
# ##.#########..#..#....#########


You could see a kobold brigand, 2 killer bees and a kobold.

Vanquished Creatures
  A two-headed ogre (D:8)
  Maurice (D:8)
  Grinder (D:5)
  A water moccasin (D:6)
  A sky beast (D:6)
  A black bear (D:6)
  An orc warrior (D:4)
  2 ogres
  5 kobold brigands
  2 phantoms
  2 brain worms (Sewer)
  A bullfrog (D:8)
  2 scorpions (D:7)
  A gnoll sergeant (D:8)
  3 killer bees (D:8)
  2 howler monkeys (D:8)
  A bombardier beetle (D:6)
  2 orc priests
  4 hounds
  A gnoll bouda (D:7)
  2 sleepcaps
  3 iguanas
  7 orc wizards
  13 gnolls
  18 adders
  A river rat (D:6)
  2 ufetubi (D:5)
  5 dart slugs
  2 ribbon worms
  30 orcs
  4 ball pythons
  5 bats
  9 endoplasms
  4 giant cockroaches
  12 hobgoblins
  2 jackals (Sewer)
  19 kobolds
  5 quokkas
  7 frilled lizards
  5 goblins
  6 rats
196 creatures vanquished.

Vanquished Creatures (others)
  An orc wizard (D:4)
1 creature vanquished.

Grand Total: 197 creatures vanquished

Notes
Turn   | Place    | Note
-------+----------+-------------------------------------------
     0 | D:1      | yoga4dogs the Troll Berserker began the quest for the Orb.
     0 | D:1      | Reached XP level 1. HP: 22/22 MP: 0/0
    87 | D:1      | Reached XP level 2. HP: 29/29 MP: 1/1
   388 | D:1      | Reached XP level 3. HP: 36/36 MP: 2/2
   394 | D:1      | Found a faded altar of an unknown god.
   792 | D:1      | Reached ** piety under Trog
  1132 | D:2      | Reached skill level 4 in Unarmed Combat
  1456 | D:2      | Reached XP level 4. HP: 44/44 MP: 3/3
  2268 | D:3      | Identified the +1 cloak of Anarchy {*Corrode rF+ rC+
                  | Slay+2}
  2437 | D:3      | Reached XP level 5. HP: 52/52 MP: 4/4
  2692 | D:3      | Reached skill level 5 in Unarmed Combat
  3001 | D:3      | Found a glowing golden altar of the Shining One.
  3002 | D:3      | Found a shimmering blue altar of Sif Muna.
  3333 | D:4      | Noticed an orc warrior
  3450 | D:4      | Killed an orc warrior
  3451 | D:4      | Reached XP level 6. HP: 34/61 MP: 5/5
  3463 | D:4      | Reached *** piety under Trog
  3478 | D:4      | Found the +1 Delatra's gloves {ID++}
  3552 | D:4      | Reached skill level 6 in Unarmed Combat
  3734 | D:4      | You fall into a shaft and drop 3 floors!
  3797 | D:7      | Reached XP level 7. HP: 66/67 MP: 6/6
  3831 | D:6      | Reached skill level 7 in Unarmed Combat
  3900 | D:6      | Found a bloodstained altar of Trog.
  3979 | D:6      | Reached skill level 1 in Maces & Flails
  3979 | D:6      | Reached skill level 1 in Stealth
  4024 | D:6      | Reached XP level 8. HP: 75/75 MP: 7/7
  4075 | D:6      | Found a glowing drain.
  4093 | Sewer    | Entered a sewer
  4176 | Sewer    | Reached skill level 8 in Unarmed Combat
  4307 | Sewer    | Reached **** piety under Trog
  4803 | D:5      | Entered Level 5 of the Dungeon
  4828 | D:5      | Reached skill level 9 in Unarmed Combat
  5103 | D:5      | Found a staircase to the Ecumenical Temple.
  5238 | D:5      | Noticed Grinder
  5260 | D:5      | Paralysed by Grinder for 3 turns
  5273 | D:5      | Paralysed by Grinder for 3 turns
  5278 | D:5      | Killed Grinder
  5279 | D:5      | Reached XP level 9. HP: 73/84 MP: 8/8
  5344 | D:5      | Reached skill level 5 in Dodging
  5703 | D:7      | Reached skill level 1 in Throwing
  5743 | D:7      | Reached skill level 10 in Unarmed Combat
  6069 | D:7      | Found a hide-covered altar of Uskayaw.
  6069 | D:7      | Found a stormy altar of Qazlal.
  6160 | D:8      | Noticed Maurice
  6174 | D:8      | Killed Maurice
  6220 | D:8      | Reached ***** piety under Trog
  6271 | D:8      | Noticed a two-headed ogre
  6279 | D:8      | Killed a two-headed ogre
  6280 | D:8      | Reached skill level 11 in Unarmed Combat
  6529 | D:8      | Found Soago's Jewellery Shoppe.
  6626 | D:7      | HP: 3/85 [poisoned by a killer bee]
  6626 | D:7      | HP: 1/85 [killer bee (2)]
  6626 | D:7      | Slain by a kobold brigand

Illustrated notes

Levels and vault maps discovered:
D:1:      sevenhm_arrival_forest_fort_large_4, layout_loops_ring,
          dreamdust_ecumenical_altar_sealed_demon
D:2:      layout_loops_corners, serial_co_window_serial, co_window_paths_b,
          co_window_of_opportunity_a, co_window_paths_a, co_window_paths_a,
          co_window_paths_a, co_window_of_opportunity_a,
          co_window_of_opportunity_a, co_window_paths_a,
          co_window_of_opportunity_a, co_window_broadway_c, co_window_corner_ca,
          co_window_unsneaky_path_c, co_window_of_opportunity_b,
          co_window_2corner, glass_columns_b, glass_columns_c, glass_columns_a,
          glass_columns_a, glass_columns_c
D:3:      layout_loops_ring, mainiacjoe_overflow_divided_tiny, minmay_pentangle
D:4:      layout_loops_ring, grunt_temple_overflow_champion_of_chaos,
          grunt_decor_resistance, grunt_ministairs_1, pf_guarded_unrand_delatra,
          uniq_pikel
D:5:      layout_cave_pods, minmay_temple_entry_from_below_a, uniq_grinder
D:6:      layout_rooms, amcnicky_altar_gilded, serial_curves, eino_curves_04,
          eino_curves_03, cheibrodos_sewer_entry_sluice
D:7:      layout_rooms, amethyst_overflow_temple_binary
D:8:      layout_basic, serial_shops, nicolae_shop_gaudy_bauble, uniq_maurice

Skill      XL: |  1  2  3  4  5  6  7  8  9 |
---------------+----------------------------+-----
Unarmed Combat | 4 5 6 7 9 11 | 11.4
Dodging        | 3 4 5 |  5.8
Fighting       | 3 4 |  4.4
Maces & Flails | 1 2 |  2.2
Stealth        | 1 |  1.7
Throwing       | 1 |  1.4

Action                     |  1- 3 |  4- 6 |  7- 9 || total
---------------------------+-------+-------+-------++-------
  Melee: Unarmed           |    81 |   138 |   283 ||   502
         Punch             |     3 |     4 |    17 ||    24
         Flail             |       |       |    24 ||    24
  Throw: Stone             |     1 |     8 |    14 ||    23
    Use: Scroll            |       |     3 |     1 ||     4
   Stab: Sleeping          |     1 |     1 |     1 ||     3
 Armour: Animal skin       |    33 |    54 |   188 ||   275
  Dodge: Dodged            |    31 |    72 |   276 ||   379

Table legend: (Time is in decaauts)
 A = Elapsed time spent in this place.
 B = Non-inter-level travel time spent in this place.
 C = Inter-level travel time spent in this place.
 D = Time resting spent in this place.
 E = Time spent auto-exploring this place.
 F = Levels seen in this place.
 G = Mean time per level.
                   A        B        C        D        E       F      G
               +--------+--------+--------+--------+--------+-----+--------+
         Total |   6587 |   6411 |    176 |    405 |   3551 |   9 |  731.9 |
       Dungeon |   6110 |   5934 |    176 |    405 |   3333 |   8 |  763.8 |
         Sewer |    477 |    477 |      0 |      0 |    218 |   1 |  477.0 |
               +--------+--------+--------+--------+--------+-----+--------+

Top non-repeatable levels by time:
     D:2: 1202 daAuts
     D:1: 1044 daAuts
     D:3: 969 daAuts
     D:5: 857 daAuts
     D:6: 532 daAuts
     D:7: 511 daAuts
     D:4: 501 daAuts
     D:8: 492 daAuts
   Sewer: 477 daAuts
